 Dungeon Crawl Stone Soup version 0.23.2 (webtiles) character file.

Game seed: 8234491162449868475

1155 Menchi the Thaumaturge (level 8, -1/58 HPs)
             Began as a Gnoll Wanderer on Apr 2, 2019.
             Was a Follower of Nemelex Xobeh.
             Slain by a hippogriff (9 damage)
             ... on level 7 of the Dungeon on Apr 3, 2019.
             The game lasted 00:35:49 (7538 turns).

Menchi the Thaumaturge (Gnoll Wanderer)             Turns: 7538, Time: 00:35:50

Health: -1/58      AC:  5    Str: 14    XL:     8   Next: 39%
Magic:  32/32      EV: 14    Int: 15    God:    Nemelex Xobeh [*.....]
Gold:   245        SH:  6    Dex: 20    Spells: 27/30 levels left

rFire    . . .     SeeInvis .   I - +9 mace "Idiferao" {drain, +Rage rC- Dex+3}
rCold    x . .     Gourm    .   w - +0 buckler
rNeg     . . .     Faith    +   d - +0 robe
rPois    .         Spirit   .   t - +1 helmet
rElec    .         Reflect  .   z - +0 cloak
rCorr    .         Harm     .   (no gloves)
MR       .....                  (no boots)
Stlth    +++.......             A - amulet of faith
HPRegen  0.19/turn              B - ring of wizardry
MPRegen  0.23/turn              G - ring of magical power

@: no status effects
A: distributed training, fangs 1, strong nose
a: Draw Escape, Draw Destruction, Draw Summoning, Renounce Religion, Evoke
Berserk Rage


You were on level 7 of the Dungeon.
You worshipped Nemelex Xobeh.
Nemelex Xobeh was aware of your devotion.
You were not hungry.

You visited 2 branches of the dungeon, and saw 8 of its levels.

You collected 245 gold pieces.

Inventory:

Hand Weapons
 a - a +0 dagger
 b - a +1 dagger of electrocution
 k - a +2 hand axe of venom
 y - a +4 quarterstaff of chaos
 I - the +9 mace "Idiferao" (weapon) {drain, +Rage rC- Dex+3}
   (You found it on level 7 of the Dungeon)

   A truly terrible weapon, it drains the life of those it strikes.
   It affects your dexterity (+3).
   It makes you vulnerable to cold.
   It lets you go berserk.
Missiles
 c - 77 stones (quivered)
Armour
 d - a +0 robe (worn)
 t - a +1 helmet (worn)
 w - a +0 buckler (worn)
 z - a +0 cloak (worn)
Jewellery
 A - an amulet of faith (around neck)
 B - a ring of wizardry (left hand)
 G - a ring of magical power (right hand)
Wands
 E - a wand of disintegration (12)
 L - a wand of digging (6)
Scrolls
 e - 5 scrolls of fear
 h - 3 scrolls of identify
 j - a scroll of fog {unknown}
 m - 2 scrolls of magic mapping {unknown}
 q - 3 scrolls of remove curse {unknown}
 r - 3 scrolls of teleportation {unknown}
 u - a scroll of immolation {unknown}
 x - a scroll of enchant weapon {unknown}
 D - a scroll of noise {unknown}
 F - 2 scrolls of silence {unknown}
Potions
 g - 2 potions of brilliance {unknown}
 i - a potion of might {unknown}
 l - 2 potions of agility {unknown}
 n - 2 potions of heal wounds {unknown}
 o - a potion of invisibility {unknown}
 p - a potion of mutation {unknown}
 s - 2 potions of flight {unknown}
 v - a potion of lignification {unknown}
 C - a potion of haste {unknown}
 H - 2 potions of curing {unknown}
 J - 3 potions of cancellation {unknown}
Comestibles
 f - 9 rations
 K - 2 chunks of flesh


   Skills:
 + Level 3.1 Fighting
 + Level 3.1 Short Blades
 + Level 3.1 Long Blades
 + Level 3.1 Axes
 + Level 3.1 Maces & Flails
 + Level 3.1 Polearms
 + Level 3.1 Staves
 + Level 3.1 Slings
 + Level 3.1 Bows
 + Level 3.1 Crossbows
 + Level 3.1 Throwing
 + Level 3.1 Armour
 + Level 3.1 Dodging
 + Level 3.1 Stealth
 + Level 4.1 Shields
 + Level 3.1 Unarmed Combat
 + Level 11.6 Spellcasting
 + Level 2.5 Conjurations
 + Level 2.5 Hexes
 + Level 2.5 Charms
 + Level 2.5 Summonings
 + Level 2.5 Necromancy
 + Level 3.4 Translocations
 + Level 3.4 Transmutations
 + Level 3.4 Fire Magic
 + Level 2.5 Ice Magic
 + Level 2.5 Air Magic
 + Level 2.5 Earth Magic
 + Level 2.5 Poison Magic
 + Level 3.5 Invocations
 + Level 4.1 Evocations


You had 27 spell levels left.
You knew the following spells:

 Your Spells              Type           Power        Failure   Level  Hunger
a - Flame Tongue          Conj/Fire      ###..        1%          1    None
b - Passwall              Tmut/Erth      ###.....     1%          2    None

Your spell library contained the following spells:

 Spells                   Type           Power        Failure   Level  Hunger
 Corona                   Hex            ###....      1%          1    None
 Magic Dart               Conj           ###.         1%          1    None
 Sandblast                Erth           ###...       1%          1    None
 Ensorcelled Hibernation  Hex/Ice        ###...       1%          2    None
 Ignite Poison            Fire/Tmut/Pois ###.....     2%          3    None
 Confuse                  Hex            ###.....     3%          3    None
 Dazzling Spray           Conj/Hex       ###...       3%          3    None
 Stone Arrow              Conj/Erth      ###...       3%          3    None
 Tukima's Dance           Hex            ###.....     3%          3    None
 Petrify                  Tmut/Erth      ###.....     10%         4    ###....
 Lee's Rapid Deconstruct  Erth           ###.......   32%         5    #####..


Dungeon Overview and Level Annotations

Branches:
Dungeon (7/15)             Temple (1/1) D:4

Altars:
Ashenzari
Cheibriados
Fedhas
Gozag
Hepliaklqana
Kikubaaqudgha
Nemelex Xobeh
Okawaru
Sif Muna
Trog
Uskayaw
Vehumet
Wu Jian
Xom
Yredelemnul
Zin

Shops:
D:5 %   D:6 [


Innate Abilities, Weirdness & Mutations

Your experience applies equally to all skills.
You have very sharp teeth.
Your uncanny sense of smell can sniff out nearby items.


Message History

You draw a card...
You have drawn the Orb.
Press: ? - help, Shift-Dir - straight line, f - hippogriff
Aim: a hippogriff (lightly wounded)
The orb of energy hits the hippogriff!
The hippogriff is heavily wounded.
The hippogriff barely misses you. The hippogriff pecks you!
* * * LOW HITPOINT WARNING * * *
The hippogriff closely misses you.
You closely miss the hippogriff.
The hippogriff is heavily wounded.
You block the hippogriff's attack. The hippogriff misses you.
The hippogriff claws you.
* * * LOW HITPOINT WARNING * * *
You thump the hippogriff! You drain the hippogriff.
The hippogriff is almost dead.
An adder comes into view.
The hippogriff bites you!
You die...
Your body disappears without a glow.

#...# #..###.# #...#
#......####### #...#
##.#..........##
.....
####..........#.. #
#.......####....
#.###.###.....##.#.#
........#..##......#
##.......#####.###
#.@...........#
#H#..##......(#
#.#.###.#######
#.#?# #.# #.... ..#
###.# ### #.# #S#


You could see a hippogriff and an adder.

Vanquished Creatures
  A sky beast (D:7)
  2 ogres (D:4)
  A bullfrog (D:7)
  Dowan (D:6)
  A wight (D:6)
  A bullfrog zombie (D:5)
  3 hounds (D:4)
  A centaur zombie (D:3)
  A bullfrog skeleton (D:4)
  An orc priest (D:3)
  A jelly (D:6)
  Crazy Yiuf (D:3)
  2 orc wizards (D:4)
  A worker ant (D:5)
  Robin (D:2)
  7 gnolls
  8 adders
  An adder skeleton (D:5)
  3 worms
  3 dart slugs
  6 leopard geckos
  16 orcs
  5 giant cockroaches
  12 goblins (D:2)
  10 hobgoblins
  8 jackals
  2 quokkas
  A ball python (D:1)
  8 bats
  6 frilled lizards
  9 kobolds
  A quokka skeleton (D:4)
  A quokka zombie (D:5)
  9 rats
135 creatures vanquished.

Vanquished Creatures (collateral kills)
  Duvessa (D:6)
  2 wights (D:6)
3 creatures vanquished.

Grand Total: 138 creatures vanquished

Notes
Turn   | Place    | Note
-------+----------+-------------------------------------------
     0 | D:1      | Reached skill level 11 in Spellcasting
     0 | D:1      | Menchi the Gnoll Wanderer began the quest for the Orb.
     0 | D:1      | Menchi set off with the following items: a +0 dagger, a +0
                  | robe, a ration; and the following spells available to
                  | memorise: Flame Tongue, Magic Dart, Sandblast, Passwall,
                  | Ignite Poison, Stone Arrow, Petrify, Lee's Rapid
                  | Deconstruction
     0 | D:1      | Reached XP level 1. HP: 13/13 MP: 12/12
   154 | D:1      | Reached XP level 2. HP: 14/19 MP: 14/14
   164 | D:1      | Learned a level 1 spell: Flame Tongue
   989 | D:1      | Reached XP level 3. HP: 15/25 MP: 13/15
  1186 | D:2      | Noticed Robin
  1696 | D:2      | Reached skill level 1 in Invocations
  2017 | D:2      | Reached skill level 1 in Fighting
  2017 | D:2      | Reached skill level 1 in Short Blades
  2017 | D:2      | Reached skill level 1 in Long Blades
  2017 | D:2      | Reached skill level 1 in Axes
  2017 | D:2      | Reached skill level 1 in Maces & Flails
  2017 | D:2      | Reached skill level 1 in Polearms
  2017 | D:2      | Reached skill level 1 in Staves
  2017 | D:2      | Reached skill level 1 in Slings
  2017 | D:2      | Reached skill level 1 in Bows
  2017 | D:2      | Reached skill level 1 in Crossbows
  2017 | D:2      | Reached skill level 1 in Throwing
  2017 | D:2      | Reached skill level 1 in Armour
  2017 | D:2      | Reached skill level 1 in Dodging
  2017 | D:2      | Reached skill level 1 in Stealth
  2017 | D:2      | Reached skill level 1 in Unarmed Combat
  2020 | D:2      | Reached XP level 4. HP: 32/32 MP: 17/17
  2069 | D:2      | Killed Robin
  2812 | D:3      | Reached skill level 1 in Conjurations
  2812 | D:3      | Reached skill level 1 in Hexes
  2812 | D:3      | Reached skill level 1 in Charms
  2812 | D:3      | Reached skill level 1 in Summonings
  2812 | D:3      | Reached skill level 1 in Necromancy
  2812 | D:3      | Reached skill level 1 in Ice Magic
  2812 | D:3      | Reached skill level 1 in Air Magic
  2812 | D:3      | Reached skill level 1 in Earth Magic
  2812 | D:3      | Reached skill level 1 in Poison Magic
  3090 | D:3      | Reached XP level 5. HP: 30/37 MP: 18/18
  3433 | D:3      | Reached XP level 6. HP: 38/44 MP: 15/20
  3489 | D:3      | Found a faded altar of an unknown god.
  4150 | D:3      | Found a runed translucent door.
  4151 | D:3      | Noticed Crazy Yiuf
  4160 | D:3      | Killed Crazy Yiuf
  4830 | D:4      | Reached XP level 7. HP: 41/50 MP: 21/21
  5363 | D:4      | Found a staircase to the Ecumenical Temple.
  5374 | Temple   | Entered the Ecumenical Temple
  5458 | Temple   | Became a worshipper of Nemelex Xobeh the Trickster
  5614 | D:4      | Received a gift from Nemelex Xobeh
  6183 | D:5      | Entered Level 5 of the Dungeon
  6183 | D:5      | Found Etzuhiov's Food Shoppe.
  6369 | D:5      | Learned a level 2 spell: Passwall
  6477 | D:5      | Noticed a moth of wrath
  6479 | D:5      | Found a bloodstained altar of Trog.
  6607 | D:5      | Found a glowing silver altar of Zin.
  6613 | D:5      | Reached * piety under Nemelex Xobeh
  6615 | D:5      | Found a radiant altar of Vehumet.
  6954 | D:6      | Reached XP level 8. HP: 57/57 MP: 23/23
  6955 | D:6      | Noticed Dowan
  6957 | D:6      | Noticed Duvessa
  6959 | D:6      | Killed Dowan
  6964 | D:6      | Killed Duvessa
  6975 | D:6      | Found Getuh's Antique Armour Shop.
  7362 | D:7      | Got a crude mace
  7363 | D:7      | Identified the +9 mace "Idiferao" {drain, +Rage rC- Dex+3}
                  | (You found it on level 7 of the Dungeon)
  7394 | D:7      | Received a gift from Nemelex Xobeh
  7503 | D:7      | Found an iron altar of Okawaru.
  7527 | D:7      | Noticed a hippogriff
  7538 | D:7      | Slain by a hippogriff

Skill      XL: |  1  2  3  4  5  6  7  8 |
---------------+-------------------------+-----
Spellcasting   | | 11.6
Translocations | 2 3 |  3.4
Transmutations | 2 3 |  3.4
Fire Magic     | 2 3 |  3.4
Invocations    | 1 2 3 |  3.5
Fighting       | 1 2 3 |  3.1
Short Blades   | 1 2 3 |  3.1
Long Blades    | 1 2 3 |  3.1
Axes           | 1 2 3 |  3.1
Maces & Flails | 1 2 3 |  3.1
Polearms       | 1 2 3 |  3.1
Staves         | 1 2 3 |  3.1
Slings         | 1 2 3 |  3.1
Bows           | 1 2 3 |  3.1
Crossbows      | 1 2 3 |  3.1
Throwing       | 1 2 3 |  3.1
Armour         | 1 2 3 |  3.1
Dodging        | 1 2 3 |  3.1
Stealth        | 1 2 3 |  3.1
Unarmed Combat | 1 2 3 |  3.1
Conjurations   | 1 2 |  2.5
Hexes          | 1 2 |  2.5
Charms         | 1 2 |  2.5
Summonings     | 1 2 |  2.5
Necromancy     | 1 2 |  2.5
Ice Magic      | 1 2 |  2.5
Air Magic      | 1 2 |  2.5
Earth Magic    | 1 2 |  2.5
Poison Magic   | 1 2 |  2.5
Shields        | 3 4 |  4.1
Evocations     | 3 4 |  4.1

Action                   |  1- 3 |  4- 6 |  7- 9 || total
-------------------------+-------+-------+-------++-------
Melee: Dagger            |    69 |       |       ||    69
       Bite              |     7 |    18 |     9 ||    34
       Hand axe          |    24 |   117 |    83 ||   224
       Quarterstaff      |       |    30 |       ||    30
       Punch             |       |     1 |       ||     1
       Mace              |       |       |    12 ||    12
Throw: Stone             |    10 |   112 |    24 ||   146
 Cast: Flame Tongue      |     8 |    17 |     8 ||    33
       Passwall          |       |       |     1 ||     1
 Abil: Draw Destruction  |       |       |     6 ||     6
       Draw Summoning    |       |       |     1 ||     1
  Use: Scroll            |     1 |     1 |     1 ||     3
 Stab: Sleeping          |     1 |       |     4 ||     5
  Eat: Chunk             |     3 |     6 |     5 ||    14
       Ration            |       |     1 |     1 ||     2
Armor: Robe              |    22 |    33 |    17 ||    72
Dodge: Dodged            |    64 |   102 |    55 ||   221
Block: Buckler           |       |     1 |    23 ||    24
